AoeStats
← FrankSinatrap

Arabian Desert

509814036Analyzed
1v1 RM · 5d ago on Sep 28, 2026· 41m 57s· 2 players
Game mode
Random Map
Map size
Tiny (2 player)
Population
200
Speed
Normal
Resources
Standard
Victory
Conquest
Starting age
Dark Age
Ending age
Imperial Age
RankedLock teamsTeams togetherTeam positionsShared explorationLock speedFull tech treeHidden civsTurbo modeCheats
Victory
Defeat
🇲🇽 Vikings · Mexico
1195
+26
🇲🇽 Danes · Mexico
1139
-13
FrumpyImpala821
7:22 Loom
9:44 Feudal Age
15:16 Fletching
22:05 Castle Age
23:42 Wheelbarrow
25:38 Scale Mail Armor
25:27 Gambesons
27:14 Chain Mail Armor
FrankSinatrap
6:49 Loom
9:36 Feudal Age
10:12 Man-at-Arms
11:51 Town Watch
16:53 Double-Bit Axe
17:29 Fletching
22:07 Castle Age
20:11 Padded Archer Armor
20:15 Gold Mining
22:44 Bodkin Arrow
22:18 Crossbowman
28:58 Ballistics
28:32 Horse Collar
31:25 Scale Mail Armor
31:35 Long Swordsman
32:30 Squires
33:39 Chain Mail Armor
33:27 Arson
43:45 Imperial Age
Connection lost

Rejoining the realm…

Still unreachable

The connection could not be restored.

Session expired

The server has moved on; the page needs a fresh start.